[ AOE2 MATCH · #505480313 ]
UnrankedArmenians vs Britons
Player's team · LOSS
Rival team · WIN
[ REPLAY ANALYSIS · EXTRACTED FROM THE RECORDED GAME ]
Feudal
8:39
Castle
—
Imperial
—
| APM avg | 78.0 |
| APM peak | 111 |
| eAPM avg | 32.2 |
| Villagers / military | 46 / 31 |
Focus
⚔️ 53.7% · 🌾 46.3%
Skirmisher ×22 · Militia ×5 · Archer ×3 · Spearman ×1
Feudal
8:51
Castle
—
Imperial
—
| APM avg | 130.9 |
| APM peak | 256 |
| eAPM avg | 51.1 |
| Villagers / military | 39 / 26 |
Focus
⚔️ 68.7% · 🌾 31.3%
Skirmisher ×12 · Archer ×11 · Scout Cavalry ×2 · Spearman ×1
Match map
Initial resources + every placement click. Lines = walls · curves = elevation contours. ◆ gold · ⬟ stone · ● berries · ✦ relic · ◌ wall gap
Your base· Open — 3t gap
Itz_Zenta's base· Open — 2t gap
Smoothed initial terrain · ◌ = detected wall gap · hover for details
Inputs per minute
— The Illusionist - - Itz_Zenta
Build order — The Illusionist
126 actions detected in the replay
| 0:00 | Create | Villager (Male) |
| 0:00 | Create | Villager (Male) |
| 0:01 | Create | Villager (Male) |
| 0:02 | Build | House |
| 0:02 | Build | House |
| 0:11 | Create | Villager (Male) |
| 0:11 | Create | Villager (Male) |
| 1:19 | Create | Villager (Male) |
| 1:20 | Create | Villager (Male) |
| 1:21 | Build | Mule Cart |
| 1:57 | Create | Villager (Male) |
| 1:57 | Create | Villager (Male) |
| 2:30 | Create | Villager (Male) |
| 2:30 | Create | Villager (Male) |
| 2:53 | Create | Villager (Male) |
| 3:22 | Create | Villager (Male) |
| 3:22 | Create | Villager (Male) |
| 3:35 | Create | Villager (Male) |
| 3:35 | Create | Villager (Male) |
| 3:54 | Build | House |
| 4:35 | Create | Villager (Male) |
| 4:41 | Create | Villager (Male) |
| 5:09 | Research | Loom |
| 5:14 | Build | Barracks |
| 5:37 | Build | Palisade Wall |
| 5:42 | Build | Palisade Wall |
| 5:44 | Build | Palisade Wall |
| 5:45 | Build | Palisade Wall |
| 6:29 | Research | Feudal Age |
| 6:35 | Build | House |
| 6:52 | Build | House |
| 6:55 | Create | Militia |
| 6:55 | Create | Militia |
| 7:10 | Build | Mule Cart |
| 7:59 | Create | Villager (Male) |
| 8:10 | Create | Militia |
| 8:25 | Create | Militia |
| 8:37 | Build | House |
| 8:39 | Age | Feudal Age |
| 8:49 | Create | Villager (Male) |
| 9:04 | Build | Archery Range |
| 9:19 | Research | Man-at-Arms (upgrade) |
| 9:33 | Build | Watch Tower |
| 9:40 | Create | Villager (Male) |
| 9:54 | Create | Skirmisher |
| 10:09 | Create | Villager (Male) |
| 10:32 | Create | Skirmisher |
| 10:43 | Build | House |
| 10:45 | Create | Villager (Male) |
| 11:04 | Build | House |
| 11:20 | Create | Villager (Male) |
| 11:21 | Create | Skirmisher |
| 11:25 | Build | Mill |
| 11:32 | Build | Mule Cart |
| 11:55 | Create | Skirmisher |
| 12:04 | Create | Villager (Male) |
| 12:06 | Create | Archer |
| 12:31 | Build | Blacksmith |
| 12:41 | Create | Skirmisher |
| 12:45 | Create | Villager (Male) |
| 12:46 | Create | Villager (Male) |
| 13:02 | Build | Watch Tower |
| 13:26 | Create | Villager (Male) |
| 13:29 | Build | Farm |
| 13:30 | Create | Villager (Male) |
| 13:40 | Create | Skirmisher |
| 13:47 | Create | Skirmisher |
| 14:06 | Create | Villager (Male) |
| 14:16 | Research | Fletching |
| 14:17 | Create | Villager (Male) |
| 14:26 | Build | Farm |
| 14:52 | Create | Villager (Male) |
| 14:54 | Create | Skirmisher |
| 15:00 | Create | Skirmisher |
| 15:09 | Create | Militia |
| 15:17 | Build | Farm |
| 15:18 | Create | Villager (Male) |
| 15:26 | Create | Villager (Male) |
| 15:46 | Create | Skirmisher |
| 16:08 | Create | Villager (Male) |
| 16:14 | Build | Market |
| 16:35 | Build | Archery Range |
| 16:35 | Create | Villager (Male) |
| 16:42 | Build | Farm |
| 17:01 | Create | Skirmisher |
| 17:02 | Create | Skirmisher |
| 17:14 | Build | Watch Tower |
| 17:21 | Create | Skirmisher |
| 17:22 | Create | Villager (Male) |
| 17:38 | Create | Villager (Male) |
| 17:40 | Create | Skirmisher |
| 17:48 | Create | Villager (Male) |
| 17:54 | Build | House |
| 18:05 | Create | Skirmisher |
| 18:19 | Build | House |
| 18:25 | Create | Skirmisher |
| 18:30 | Create | Skirmisher |
| 18:35 | Research | Padded Archer Armor |
| 18:42 | Build | Farm |
| 18:43 | Build | Farm |
| 18:43 | Build | Farm |
| 18:44 | Build | Farm |
| 19:00 | Build | Farm |
| 19:01 | Build | Farm |
| 19:08 | Create | Skirmisher |
| 19:08 | Create | Skirmisher |
| 19:27 | Create | Spearman |
| 19:37 | Create | Archer |
| 19:38 | Create | Archer |
| 19:41 | Create | Villager (Male) |
| 19:41 | Create | Villager (Male) |
| 20:00 | Build | Mule Cart |
| 20:01 | Create | Villager (Male) |
| 20:01 | Create | Villager (Male) |
| 20:18 | Create | Villager (Male) |
| 20:18 | Create | Villager (Male) |
| 20:22 | Build | Farm |
| 20:23 | Build | Farm |
| 20:25 | Build | Farm |
| 20:27 | Build | Farm |
| 20:30 | Build | Farm |
| 20:31 | Build | Farm |
| 20:47 | Create | Villager (Male) |
| 20:56 | Create | Skirmisher |
| 20:57 | Create | Skirmisher |
| 21:16 | Create | Skirmisher |
Build order — Itz_Zenta
119 actions detected in the replay
| 0:00 | Create | Villager (Male) ×4 |
| 0:01 | Build | House |
| 0:02 | Build | House |
| 1:22 | Create | Villager (Male) |
| 1:53 | Build | Lumber Camp |
| 2:00 | Create | Villager (Male) |
| 2:04 | Create | Villager (Male) |
| 2:26 | Create | Villager (Male) |
| 3:03 | Create | Villager (Male) |
| 3:25 | Create | Villager (Male) |
| 3:29 | Create | Villager (Male) |
| 3:53 | Create | Villager (Male) |
| 4:07 | Build | House |
| 4:12 | Create | Villager (Male) |
| 4:42 | Build | Mill |
| 5:26 | Create | Villager (Male) |
| 5:49 | Create | Villager (Male) |
| 5:50 | Research | Loom |
| 6:31 | Build | Palisade Wall |
| 6:39 | Research | Feudal Age |
| 7:06 | Build | Barracks |
| 7:59 | Build | Palisade Wall |
| 7:59 | Build | Palisade Wall |
| 8:05 | Build | Mining Camp |
| 8:26 | Build | House |
| 8:32 | Create | Villager (Male) |
| 8:51 | Age | Feudal Age |
| 9:00 | Build | Archery Range |
| 9:03 | Build | Palisade Wall |
| 9:05 | Build | Palisade Wall |
| 9:07 | Build | Palisade Wall |
| 9:13 | Create | Spearman |
| 9:19 | Create | Villager (Male) |
| 9:26 | Create | Villager (Male) |
| 9:39 | Create | Archer |
| 9:44 | Create | Villager (Male) |
| 9:55 | Build | House |
| 9:56 | Create | Archer |
| 9:59 | Create | Villager (Male) |
| 10:11 | Build | Watch Tower |
| 10:17 | Create | Archer |
| 10:40 | Build | Farm |
| 10:40 | Create | Villager (Male) |
| 10:43 | Create | Skirmisher |
| 11:05 | Build | Farm |
| 11:06 | Create | Villager (Male) |
| 11:18 | Build | House |
| 11:27 | Research | Double-Bit Axe |
| 11:28 | Create | Villager (Male) |
| 11:41 | Build | Blacksmith |
| 11:53 | Create | Skirmisher |
| 11:54 | Create | Villager (Male) |
| 12:18 | Create | Skirmisher |
| 12:29 | Create | Villager (Male) |
| 12:29 | Create | Skirmisher |
| 12:44 | Build | Mining Camp |
| 13:26 | Create | Villager (Male) |
| 13:28 | Build | Palisade Wall |
| 13:29 | Build | Farm |
| 13:32 | Build | House |
| 13:39 | Research | Fletching |
| 13:43 | Create | Skirmisher |
| 13:49 | Build | House |
| 13:54 | Create | Villager (Male) |
| 14:10 | Build | Farm |
| 14:17 | Create | Skirmisher |
| 14:25 | Create | Villager (Male) |
| 14:49 | Create | Villager (Male) |
| 14:58 | Build | Farm |
| 14:59 | Create | Villager (Male) |
| 15:00 | Build | Farm |
| 15:00 | Build | Farm |
| 15:02 | Build | Farm |
| 15:02 | Build | Farm |
| 15:08 | Create | Archer |
| 15:14 | Create | Villager (Male) |
| 15:19 | Create | Archer |
| 15:40 | Create | Villager (Male) |
| 15:41 | Create | Archer |
| 15:50 | Build | Farm |
| 15:51 | Build | Farm |
| 15:58 | Create | Villager (Male) |
| 16:01 | Create | Archer |
| 16:10 | Create | Skirmisher |
| 16:12 | Build | Lumber Camp |
| 16:29 | Build | Farm |
| 16:34 | Build | Archery Range |
| 16:36 | Create | Villager (Male) |
| 16:39 | Build | Palisade Wall |
| 16:41 | Build | Palisade Wall |
| 16:42 | Research | Town Watch |
| 16:47 | Build | Outpost |
| 17:12 | Build | Stable |
| 17:16 | Create | Skirmisher |
| 17:17 | Create | Archer |
| 17:21 | Build | Watch Tower |
| 17:25 | Create | Villager (Male) |
| 17:46 | Create | Skirmisher |
| 17:54 | Create | Villager (Male) |
| 18:18 | Create | Villager (Male) |
| 18:19 | Create | Skirmisher |
| 18:21 | Build | House |
| 18:23 | Research | Wheelbarrow |
| 18:35 | Create | Scout Cavalry |
| 18:39 | Build | Farm |
| 18:40 | Build | Farm |
| 18:42 | Build | Market |
| 18:54 | Create | Villager (Male) |
| 18:55 | Create | Archer |
| 18:55 | Create | Skirmisher |
| 19:13 | Create | Archer |
| 19:33 | Build | Farm |
| 19:35 | Build | House |
| 19:46 | Create | Scout Cavalry |
| 19:49 | Create | Archer |
| 19:49 | Create | Skirmisher |
| 20:02 | Create | Villager (Male) |
| 20:46 | Build | Lumber Camp |
| 21:00 | Research | Castle Age |
Match timeline
| 5:14 | The Illusionist · first_building Barracks |
| 5:37 | The Illusionist · wall_segment Palisade Wall x1 |
| 5:42 | The Illusionist · wall_segment Palisade Wall x1 |
| 5:44 | The Illusionist · wall_segment Palisade Wall x1 |
| 5:45 | The Illusionist · wall_segment Palisade Wall x1 |
| 6:31 | Itz_Zenta · wall_segment Palisade Wall x1 |
| 7:06 | Itz_Zenta · first_building Barracks |
| 7:59 | Itz_Zenta · wall_segment Palisade Wall x1 |
| 7:59 | Itz_Zenta · wall_segment Palisade Wall x1 |
| 8:39 | The Illusionist · age_up feudal |
| 8:51 | Itz_Zenta · age_up feudal |
| 9:00 | Itz_Zenta · first_building Archery Range |
| 9:03 | Itz_Zenta · wall_segment Palisade Wall x1 |
| 9:04 | The Illusionist · first_building Archery Range |
| 9:05 | Itz_Zenta · wall_segment Palisade Wall x1 |
| 9:07 | Itz_Zenta · wall_segment Palisade Wall x1 |
| 13:28 | Itz_Zenta · wall_segment Palisade Wall x1 |
| 16:39 | Itz_Zenta · wall_segment Palisade Wall x1 |
| 16:41 | Itz_Zenta · wall_segment Palisade Wall x1 |
| 17:12 | Itz_Zenta · first_building Stable |
| 17:21 | The Illusionist · first_market_buy 100 food |
| 19:38 | Itz_Zenta · first_market_buy 100 food |
| 19:38 | Itz_Zenta · first_market_sell 100 wood |
| 21:31 | The Illusionist · resign |
[ AI ANALYSIS · 1 CREDIT ]
What really happened in this match?
Wolo.gg analyzes every decision: build order, eco, micro, common mistakes by bracket. Personalized analysis on WhatsApp or Discord in 30 seconds.
Civ guide
Armenians
Perfil
Jugador #1389164